 Dungeon Crawl Stone Soup version 0.20.1-1-g8b1a95d (webtiles) character file.

67 sormi the Shield-Bearer (level 4, -3/40 HPs)
             Began as a Hill Orc Fighter on Aug 1, 2017.
             Killed by divine providence
             ... invoked by an orc priest
              (13 damage)
             ... on level 3 of the Dungeon.
             The game lasted 00:06:34 (1554 turns).

sormi the Shield-Bearer (Hill Orc Fighter)          Turns: 1554, Time: 00:06:34

Health: -3/40      AC:  7    Str: 19    XL:     4   Next: 18%
Magic:  4/4        EV:  7    Int:  8    God:
Gold:   151        SH:  9    Dex: 10    Spells: 3/3 levels left

rFire    . . .     SeeInvis .   a - +0 war axe
rCold    . . .     Gourm    .   c - +0 shield
rNeg     . . .     Faith    .   b - +0 scale mail
rPois    .         Spirit   .   (no helmet)
rElec    .         Reflect  .   (no cloak)
rCorr    .         Harm     .   (no gloves)
MR       .....                  (no boots)
Stlth    ..........             (no amulet)
Regen    0.2/turn               (no ring)
MPRegen  0.1/turn               (no ring)

@: no status effects
A: no striking features
a: Convert to Beogh


You were on level 3 of the Dungeon.
You were not hungry.

You visited 1 branch of the dungeon, and saw 3 of its levels.

You collected 151 gold pieces.

Inventory:

Hand Weapons
 a - a +0 war axe (weapon)
Missiles
 m - 38 stones (quivered)
Armour
 b - a +0 scale mail (worn)
 c - a +0 shield (worn)
 o - a +1 pair of boots
Jewellery
 p - an uncursed ring of wizardry {unknown}
Scrolls
 e - a scroll of remove curse {unknown}
 k - a scroll of identify {unknown}
 l - 2 scrolls of enchant armour {unknown}
 t - a scroll of enchant weapon {unknown}
Potions
 d - a potion of might
 h - a potion of berserk rage {unknown}
 n - 2 potions of curing {unknown}
 q - a potion of flight {unknown}
 r - a potion of heal wounds {unknown}
 s - 3 potions of agility {unknown}
 u - a potion of haste {unknown}
Comestibles
 f - 2 bread rations
 g - 16 chunks of flesh
 i - a meat ration
 j - 2 royal jellies


   Skills:
 + Level 3.9 Fighting
 + Level 3.3 Axes
 + Level 0.8 Throwing
 + Level 4.0 Armour
 + Level 4.1 Shields


You had 3 spell levels left.
You didn't know any spells.

Dungeon Overview and Level Annotations

Branches:
Dungeon (3/15)

Altars:


Message History

The orc priest begins to cast a cantrip, but forgets the words!
Throwing (i - inventory):
m - 40 stones (quivered)
Press: ? - help, Shift-Dir - straight line, f/p - orc priest
Aim: an orc priest You throw a stone.
The stone closely misses the orc priest.
The orc priest invokes the aid of Beogh against you.
Beogh smites you!
Throwing (i - inventory):
m - 39 stones (quivered)
Press: ? - help, Shift-Dir - straight line, f/p - orc priest
Aim: an orc priest You throw a stone.
The stone closely misses the orc priest.
The orc priest threatens, "By the altar or by the axe, you will meet Beogh!"
The orc priest invokes the aid of Beogh against you.
Beogh smites you!
* * * LOW HITPOINT WARNING * * *
The orc priest calls down the wrath of Beogh upon you.
Beogh smites you!
You die...

#.# .....# #.### #.#
######..###.#.. #.##
#.............. ...##
..###.#.###..). ....
#.# #.#.# ###.# .!. #.#
#.#.# #.# #.#
#.###.#.#####.# #.#
#####............รท#
#.#
#####.@......(#.#####.#
#(# #.....#.#.#####.#
#.#
#(#########o#####.#.#
#.# #.# #.##...o.o..#
#.#.# #.. ..#
#o##.######## #.#.# ##.
... .)##........ ..#.#
.# ###. .).o......##
..#.# .# . ..##..#.#.#
..#.. .# . ..##......#


You could see an orc priest.

Vanquished Creatures
  An ooze (D:2)
  4 worms
  3 leopard geckos
  2 orcs (D:3)
  3 giant cockroaches
  3 goblins
  2 hobgoblins
  8 jackals
  A quokka (D:2)
  2 ball pythons
  5 bats
  3 frilled lizards
  6 kobolds
  2 rats (D:1)
45 creatures vanquished.

Notes
Turn   | Place    | Note
-------+----------+-------------------------------------------
     0 | D:1      | sormi the Hill Orc Fighter began the quest for the Orb.
     0 | D:1      | Reached XP level 1. HP: 19/19 MP: 1/1
    68 | D:1      | Reached XP level 2. HP: 23/27 MP: 2/2
   624 | D:1      | Reached XP level 3. HP: 33/33 MP: 3/3
  1415 | D:3      | Reached XP level 4. HP: 31/40 MP: 4/4
  1554 | D:3      | Killed from afar by an orc priest

Skill      XL: |  1  2  3 |
---------------+----------+-----
Axes           | 3 |  3.3
Shields        | 4 |  4.1
Armour         | 4 |  4.0
Fighting       | |  3.9
Throwing       | |  0.8

Action                   |  1- 3 |  4- 6 || total
-------------------------+-------+-------++-------
Melee: War axe           |   136 |    16 ||   152
Throw: Stone             |    36 |     9 ||    45
  Eat: Chunk             |     2 |       ||     2
Armor: Scale mail        |    65 |     5 ||    70
Dodge: Dodged            |    44 |     2 ||    46
Block: Shield            |    75 |     8 ||    83
